 Dungeon Crawl Stone Soup version 0.16-a0-4056-gee4db93 (webtiles) character file.

67 timbw the Conjurer (level 4, -1/30 HPs)
             Began as a Human Wizard on Feb 20, 2015.
             Killed by nerve-wracking pain
             ... invoked by trelanon's ghost
              (10 damage)
             ... on level 3 of the Dungeon.
             The game lasted 00:05:42 (1425 turns).

timbw the Conjurer (Human Wizard)                   Turns: 1425, Time: 00:05:42

Health: -1/30      AC:  3    Str:  8    XL:     4   Next: 40%
Magic:  0/9        EV: 12    Int: 18    God:
Gold:   64         SH:  0    Dex: 12    Spells: 3 memorised, 2 levels left

rFire  . . .     SeeInvis .     j - +0 club
rCold  . . .     Clarity  .     a - +0 robe
rNeg   . . .     SustAb   .     (no shield)
rPois  .         Gourm    .     b - +0 hat
rElec  .         Spirit   .     (no cloak)
rCorr  .         Warding  .     p - +0 pair of gloves
rMut   .         Stasis   .     (no boots)
MR     .....                    (no amulet)
Stlth  ++........               (no ring)
                                t - ring of flight

@: very slightly contaminated, not resistant to hostile enchantments, unstealthy
A: no striking features
a: Evoke Flight


You were on level 3 of the Dungeon.
You were not hungry.

You visited 1 branch of the dungeon, and saw 3 of its levels.

You collected 64 gold pieces.

Inventory:

Hand weapons
 f - a +2 hunting sling of flaming
 j - a +0 club (weapon)
Armour
 a - a +0 robe (worn)
 b - a +0 hat (worn)
 p - a +0 pair of gloves (worn)
Jewellery
 t - a ring of flight (left hand)
Magical devices
 r - a wand of magic darts (8)
Scrolls
 e - a scroll of blinking {unknown}
 h - a scroll of magic mapping {unknown}
 k - a scroll of amnesia {unknown}
 s - a scroll of recharging {unknown}
 v - a scroll of identify {unknown}
Potions
 i - a potion of haste
 l - a potion of ambrosia
 m - a potion of brilliance {unknown}
 n - a potion of mutation {unknown}
 q - a potion of magic {unknown}
Books
 c - a book of Minor Magic

   Spells                             Type                      Level
   a - Magic Dart                     Conjuration                  1
   b - Blink                          Translocation                2
   c - Call Imp                       Summoning                    2
   d - Repel Missiles                 Charms/Air                   2
   e - Slow                           Hexes                        2
   f - Conjure Flame                  Conjuration/Fire             3
   g - Mephitic Cloud                 Conjuration/Poison/Air       3
Comestibles
 d - 5 bread rations
 g - 4 fruits
 o - a chunk of flesh
 u - a royal jelly


   Skills:
 - Level 2.0 Dodging
 - Level 2.0 Stealth
 - Level 3.0 Spellcasting
 + Level 3.1 Conjurations
   Level 1.0 Summonings
   Level 1.0 Translocations
 + Level 2.0 Fire Magic


You had 2 spell levels left.
You knew the following spells:

 Your Spells              Type           Power        Failure   Level  Hunger
a - Magic Dart            Conj           ##..         6%          1    None
b - Conjure Flame         Conj/Fire      ##......     21%         3    ###....
c - Mephitic Cloud        Conj/Pois/Air  #.......     34%         3    ###....


Dungeon Overview and Level Annotations

Branches:
Dungeon (3/15)

Altars:

Annotations:
D:3 trelanon's ghost, average VSNe


Message History

Casting: Conjure Flame
Confirm with . or Enter, or press ? or * to list all spells.
Aiming: Magic Dart
Press: ? - help, Shift-Dir - straight line, f - trelanon's ghost
Aim: trelanon's ghost The magic dart hits trelanon's ghost.
Trelanon's ghost is lightly damaged.
Trelanon's ghost gestures at you while chanting.
Pain shoots through your body!
* * * LOW HITPOINT WARNING * * *
Casting: Magic Dart
Confirm with . or Enter, or press ? or * to list all spells.
Aiming: Magic Dart
Press: ? - help, Shift-Dir - straight line, f/p - trelanon's ghost
Aim: trelanon's ghost (lightly damaged)
The magic dart hits trelanon's ghost.
Trelanon's ghost is moderately damaged.
Trelanon's ghost casts a spell at you. Pain shoots through your body!
You die...

###### ######## #....#
.......## ######....#
........#####..)@.....#
.........<.W†.####....#
........##########()..#
...................####
........##.........#
........#..........#
........#..........#
.......)...........#
#######...##W#####.#


You could see trelanon's ghost.

Vanquished Creatures
  2 adders (D:2)
  2 giant geckos
  An orc (D:3)
  8 goblins
  6 hobgoblins
  3 jackals (D:3)
  A quokka (D:3)
  7 bats
  2 giant newts
  8 kobolds
  4 rats
44 creatures vanquished.

Notes
Turn   | Place    | Note
--------------------------------------------------------------
     0 | D:1      | timbw, the Human Wizard, began the quest for the Orb.
     0 | D:1      | Reached XP level 1. HP: 13/13 MP: 4/4
     2 | D:1      | Noticed a ghoul
     2 | D:1      | Noticed a gargoyle
     4 | D:1      | Noticed a human
     4 | D:1      | Noticed a dwarf
     6 | D:1      | Noticed a merfolk
     6 | D:1      | Noticed an octopode
     8 | D:1      | Noticed a vine stalker
     8 | D:1      | Noticed an elf
    12 | D:1      | Noticed a tengu
    12 | D:1      | Noticed a naga
    14 | D:1      | Noticed a demigod
    14 | D:1      | Noticed a formicid
    16 | D:1      | Noticed a vampire
    16 | D:1      | Noticed a centaur
    18 | D:1      | Noticed a troll
    18 | D:1      | Noticed a spriggan
    20 | D:1      | Noticed an ogre
    20 | D:1      | Noticed a minotaur
    22 | D:1      | Noticed a felid
    22 | D:1      | Noticed a demonspawn
    26 | D:1      | Noticed a draconian
   258 | D:1      | Reached XP level 2. HP: 19/19 MP: 0/6
   387 | D:2      | Reached XP level 3. HP: 24/24 MP: 0/7
   480 | D:2      | Learned a level 3 spell: Conjure Flame
   484 | D:2      | Learned a level 3 spell: Mephitic Cloud
   710 | D:2      | Reached skill level 1 in Fire Magic
  1062 | D:3      | Reached XP level 4. HP: 20/30 MP: 7/9
  1339 | D:3      | Noticed trelanon's ghost (average VSNe)
  1425 | D:3      | Killed from afar by trelanon's ghost

Action                   |  1- 3 |  4- 6 || total
-------------------------+-------+-------++-------
Melee: Unarmed           |     7 |       ||     7
       Club              |    14 |    32 ||    46
 Cast: Magic Dart        |    61 |    28 ||    89
       Mephitic Cloud    |     1 |       ||     1
       Conjure Flame     |       |     3 ||     3
  Use: Potion            |     1 |     1 ||     2
 Stab: Confused          |     1 |       ||     1
  Eat: Chunk             |     1 |     1 ||     2
